 Dungeon Crawl Stone Soup version 0.30-a0-4-ga7cffc901d (webtiles) character file.

Game seed: 14709551015161986869

234592 Zeldest the Warrior (level 19, -2/121 (127) HPs)
             Began as a Tengu Abyssal Knight on Aug 22, 2022.
             Was the Champion of Lugonu.
             Shot with an arrow by a deep elf master archer (36 damage)
             ... on level 3 of the Elven Halls.
             The game lasted 02:18:35 (40922 turns).

Zeldest the Warrior (Tengu Abyssal Knight)         Turns: 40922, Time: 02:18:36

HP:   -2/121 (127)  AC:  8    Str: 16    XL:     19   Next: 60%
MP:   25/31         EV: 29    Int: 19    God:    Lugonu [******]
Gold: 3361          SH: 23    Dex: 30    Spells: 7/18 levels left

rFire   + . .      SeeInvis .    b - +7 short sword "Ogreslayer" {drain, Fly Int-3 Dex+7 Stlth-}
rCold   + . .      Faith    +    q - +0 tower shield
rNeg    . . .      Spirit   .    Z - +2 robe {rC+ rF+}
rPois   +          Reflect  .    (helmet restricted)
rElec   +          Harm     .    c - +0 cloak
rCorr   .          Rampage  .    N - +0 pair of gloves
Will    +....      Clarity  +    (boots unavailable)
Stlth   +.........               K - amulet "Aqauraro" {Faith Dex+3}
HPRegen 1.10/turn                X - ring "Tutiuc" {rElec Str+3 Int+6}
MPRegen 0.22/turn                S - ring of poison resistance

@: about to teleport, flying quickly and evasively, lightly drained, quick
A: beak, talons 3, nimble flight, iridescent scales 1, clarity, clever 1,
regeneration 1
}: 1/15 runes: barnacled
a: Renounce Religion, Depart the Abyss, Bend Space, Banish, Corrupt, Enter the
Abyss, Brand Weapon With Distortion


You were on level 3 of the Elven Halls.
You worshipped Lugonu.
Lugonu was exalted by your worship.
You visited 6 branches of the dungeon, and saw 32 of its levels.
You visited the Abyss 2 times.
You also visited: Ossuary, Bailey, Gauntlet and Ice Cave.

You collected 3819 gold pieces.
You spent 458 gold pieces at shops.

Inventory:

Hand Weapons
 a - a +4 rapier of electrocution
 b - the +7 short sword "Ogreslayer" (weapon) {drain, Fly Int-3 Dex+7 Stlth-}
   (You acquired it on level 3 of the Spider Nest)

   A truly terrible weapon, it drains the life of any living foe it strikes.
   Int:       It affects your intelligence (-3).
   Dex:       It affects your dexterity (+7).
   Fly:       It grants you flight.
   Stlth:     It makes you less stealthy.
 R - a +1 dagger of chaos
 W - a +2 rapier of draining
Armour
 c - a +0 cloak (worn)
 q - a +0 tower shield (worn)
 N - a +0 pair of gloves (worn)
 V - a +4 troll leather armour {Snorg}
 Z - a +2 robe of resistance (worn)
Jewellery
 p - a ring of protection from fire
 u - a +4 ring of slaying
 v - the amulet of Okawaru's Supremacy {Spirit rN+ Regen+ Dex+3}
   (You found it on level 4 of the Shoals)

   [amulet of guardian spirit]

   It causes incoming damage to be divided between your reserves of health and
   magic.
   Dex:       It affects your dexterity (+3).
   rN:        It protects you from negative energy.
   Regen:     It increases your rate of health regeneration.
 J - a ring of willpower
 K - the amulet "Aqauraro" (around neck) {Faith Dex+3}
   (You found it on level 1 of the Lair of Beasts)

   [amulet of faith]

   It allows you to gain divine favour quickly.
   Dex:       It affects your dexterity (+3).
 S - a ring of poison resistance (right hand)
 U - a ring of resist corrosion
 X - the ring "Tutiuc" (left hand) {rElec Str+3 Int+6}
   (You found it in a Gauntlet)

   [ring of intelligence]

   Str:       It affects your strength (+3).
   Int:       It affects your intelligence (+6).
   rElec:     It insulates you from electricity.
Wands
 j - a wand of digging (16)
 Q - a wand of acid (11)
 T - a wand of iceblast (7)
Scrolls
 d - 3 scrolls of teleportation
 i - 5 scrolls of magic mapping
 n - 2 scrolls of immolation
 r - 6 scrolls of enchant armour
 s - 5 scrolls of blinking
 x - 3 scrolls of vulnerability
 y - 3 scrolls of fear
 A - 5 scrolls of poison
 B - 6 scrolls of enchant weapon
 C - 4 scrolls of silence
 E - 3 scrolls of brand weapon
 H - 3 scrolls of summoning
 M - 5 scrolls of butterflies
 O - 4 scrolls of torment
 P - 4 scrolls of noise
Potions
 e - 5 potions of mutation
 f - 8 potions of curing
 g - 3 potions of invisibility
 h - 4 potions of attraction
 k - 3 potions of heal wounds
 l - 5 potions of cancellation
 m - a potion of resistance
 o - 5 potions of magic
 t - 7 potions of haste
 w - a potion of lignification
 z - 3 potions of brilliance
 F - 4 potions of might
 G - 3 potions of berserk rage
 I - 2 potions of ambrosia
Miscellaneous
 D - a phantom mirror (inert)
 L - a phial of floods (inert)
 Y - a box of beasts


   Skills:
 + Level 16.7 Fighting
 - Level 14.0 Short Blades
 - Level 2.1 Armour
 + Level 13.0 Dodging
 - Level 15.0 Shields
 + Level 7.7 Hexes
 + Level 16.5 Summonings
 + Level 15.6 Invocations


You had 7 spell levels left.
You knew the following spells:

 Your Spells              Type           Power      Damage    Failure   Level
a - Summon Cactus Giant   Summ           29%        N/A       13%         6
b - Summon Mana Viper     Hex/Summ       46%        N/A       14%         5

Your spell library contained the following spells:

 Spells                   Type           Power      Damage    Failure   Level
 Summon Small Mammal      Summ           100%       N/A       1%          1
 Call Imp                 Summ           58%        N/A       1%          2
 Call Canine Familiar     Summ           58%        N/A       1%          3
 Summon Guardian Golem    Hex/Summ       46%        N/A       1%          3
 Slow                     Hex            100%       N/A       3%          1
 Confusing Touch          Hex            29%        N/A       10%         3
 Tukima's Dance           Hex            29%        N/A       10%         3
 Ensorcelled Hibernation  Hex/Ice        28%        N/A       24%         2
 Summon Lightning Spire   Summ/Air       31%        N/A       26%         4
 Portal Projectile        Hex/Tloc       28%        N/A       43%         3
 Summon Forest            Summ/Tloc      15%        N/A       56%         5
 Apportation              Tloc           0%         N/A       58%         1
 Beastly Appendage        Tmut           0%         N/A       58%         1
 Freeze                   Ice            0%         1d3       58%         1
 Magic Dart               Conj           0%         1d3       58%         1
 Necrotise                Necr           0%         1d4       58%         1
 Sandblast                Erth           0%         2d4       58%         1
 Passwall                 Tmut/Erth      0%         N/A       75%         2
 Wereblood                Tmut           0%         N/A       75%         2
 Anguish                  Hex/Necr       7%         N/A       83%         4
 Fulminant Prism          Conj/Hex       7%         3d7       83%         4
 Leda's Liquefaction      Hex/Erth       7%         N/A       83%         4
 Conjure Flame            Conj/Fire      0%         6-21      92%         3
 Frozen Ramparts          Ice            0%         1d1       92%         3
 Ignite Poison            Fire/Tmut/Pois 0%         N/A       92%         3
 Mephitic Cloud           Conj/Pois/Air  0%         N/A       92%         3
 Ozocubu's Armour         Ice            0%         N/A       92%         3
 Spider Form              Tmut/Pois      0%         N/A       92%         3
 Stone Arrow              Conj/Erth      0%         3d7       92%         3
 Vampiric Draining        Necr           0%         2d6       92%         3
 Silence                  Hex/Air        7%         N/A       99%         5
 Yara's Violent Unravell  Hex/Tmut       7%         3d5       99%         5
 Airstrike                Air            0%         2d(0-16)  100%        4
 Animate Dead             Necr           0%         N/A       100%        4
 Hailstorm                Conj/Ice       0%         3d3       100%        4
 Iskenderun's Mystic Bla  Conj/Tloc      0%         2d3       100%        4
 Passage of Golubria      Tloc           0%         N/A       100%        4
 Sticky Flame             Conj/Fire      0%         2d3       100%        4
 Agony                    Necr           0%         N/A       100%        5
 Alistair's Intoxication  Tmut/Pois      0%         N/A       100%        5
 Borgnjor's Vile Clutch   Necr/Erth      0%         N/A       100%        5
 Lee's Rapid Deconstruct  Erth           0%         3d5*      100%        5
 Lightning Bolt           Conj/Air       0%         1d11      100%        5
 Death Channel            Necr           0%         N/A       100%        6
 Statue Form              Tmut/Erth      0%         N/A       100%        6
 Enfeeble                 Hex            14%        N/A       100%        7
 Orb of Destruction       Conj           0%         9d5       100%        7
 Ozocubu's Refrigeration  Ice            0%         4d7       100%        7
 Spellforged Servitor     Conj/Summ      15%        N/A       100%        7
 Lehudib's Crystal Spear  Conj/Erth      0%         10d2      100%        8


Dungeon Overview and Level Annotations

Branches:
Dungeon (15/15)            Temple (0/1) D:5            Lair (5/5) D:9
 Shoals (4/4) Lair:3       Spider (3/4) Lair:3        Slime (0/5) Lair:5
    Orc (2/2) D:9             Elf (3/3) Orc:2        Depths (0/4) D:15
Ossuary (visited)          Bailey (visited)           IceCv (visited)
Gauntlet (visited)
 Vaults: D:13-14

Altars:
Dithmenos
Hepliaklqana
Nemelex Xobeh
Qazlal
Ru
Sif Muna
Trog
Vehumet
Wu Jian
Yredelemnul
The Shining One
Jiyva

Shops:
D:1 ((   D:4 =   D:8 ?   D:15 [   Orc:1 (   Orc:2 ![*=   Shoals:3 *

Portals:
Pandemonium: Orc:2

Annotations:
D:6 3 runed translucent doors, exclusion: scorpion, Aneyh's ghost, novice VSTm
D:7 4 runed translucent doors, Crazy Yiuf; ytrimaz's ghost, novice DsTm
D:13 exclusion: 3 doors
Lair:4 2 transporters, Aluic's ghost, adept MiBe
Shoals:4 Roxanne
Elf:3 corrupted
Abyss:1 Agnes; Asterion; Bai Suzhen; Blork the orc; Donald; Polyphemus; Rupert; Urug


Innate Abilities, Weirdness & Mutations

You have a beak for a mouth.
You have claws for feet.
Your magical nature lets you fly swiftly and evasively.
You are partially covered in iridescent scales. (AC +2)
You possess an exceptional clarity of mind.
Your mind is acute. (Int +4, Str/Dex -1)
Your natural rate of healing is unusually fast.


Message History

The deep elf elementalist shouts!
You hear a shout!
You feel much better.
You hear a shout!
You block the deep elf annihilator's attack.
As you read the scroll of teleportation, it crumbles to dust.
You feel strangely unstable.
You block the deep elf annihilator's attack.
A deep elf annihilator comes into view. It is wielding a +0 short sword.
You feel much better.
The deep elf annihilator hits you with a +0 rapier!
The deep elf elementalist is engulfed in blazing flames.
You feel much better.
Your surroundings suddenly seem different.
A deep elf annihilator and a deep elf master archer come into view.
Found a +0 dagger.
The deep elf high priest shouts!
The deep elf sorcerer shouts!
The deep elf annihilator shouts!
You hear a shout! x3
The deep elf master archer shouts!
You hear a shout! x2
The deep elf high priest mumbles some strange prayers to its god against you.
Something smites you!
The deep elf master archer wields a +0 longbow.
The deep elf master archer shoots an arrow.
You block the arrow.
The deep elf high priest invokes the aid of its god against you.
Something smites you!
The deep elf sorcerer casts a spell at you.
You resist with some effort.
The deep elf master archer shoots an arrow.
The arrow hits you!!
You hear a shout!
As you read the scroll of teleportation, it crumbles to dust.
You feel strangely unstable.
The deep elf high priest calls down the wrath of its god upon you.
Something smites you!
* * * LOW HITPOINT WARNING * * *
The deep elf annihilator gestures wildly while chanting.
The deep elf annihilator blinks!
The deep elf master archer shoots an arrow.
The arrow hits you!!!
You die...

#.....# .e.# #.......##
....# #.........##
.....# #...........##
#.....# #......#......##
#.....#......###......#
#..........## ##e.....
#..........# #......e
##..@§e.....#§.......
##..e.........eE......
##.....#......e☼§....#.
##.....###.....○.....###
#.....# #.....°.e.##
##.....# .).e.....
##..e..# ... ##.......
.e ##ee.....


You could see a deep elf master archer, 2 deep elf annihilators, a deep elf
sorcerer and 2 deep elf high priests.

Vanquished Creatures
  Nikola (Shoals:2)
  Jorgrun (D:15)
  2 deep elf sorcerers
  An emperor scorpion (Lair:3)
  A stone giant (D:15)
  2 deep elf demonologists (Elf:3)
  2 entropy weavers (Spider:2)
  A deep elf death mage (Elf:3)
  4 merfolk javelineers
  A mummy priest (Elf:2)
  A fire dragon (Lair:5)
  Snorg (D:14)
  6 merfolk impalers
  Josephine (D:10)
  A deep elf high priest (Elf:3)
  4 boulder beetles
  2 catoblepae
  A vault guard (D:13)
  3 demonspawn (Orc:2)
  3 merfolk avatars
  6 hydras
  2 merfolk aquamancers (Shoals:4)
  An ogre mage (D:15)
  6 two-headed ogres
  Erolcha (D:13)
  9 centaur warriors
  21 dancing weapons
  3 satyrs
  4 tengu warriors
  8 death yaks
  10 orc high priests
  25 deep elf knights
  Sonja (D:11)
  Lodul (D:11)
  2 steelbarb worms (Spider:2)
  10 deep elf archers
  11 sea snakes
  4 pharaoh ants
  An orb spider (Spider:1)
  Pikel (D:7)
  6 orc knights
  2 shadow demons (Elf:1)
  30 deep elf pyromancers
  21 harpies
  A wizard (D:14)
  20 deep elf zephyrmancers
  A phantasmal warrior (D:11)
  8 cyclopes
  A wolf spider zombie (D:12)
  7 orc sorcerers
  9 ugly things
  6 wolf spiders
  16 manticores
  A moth of wrath (Spider:1)
  4 elephants
  11 fauns
  9 centaur zombies (D:12)
  A smoke demon (Orc:2)
  2 black mambas
  9 merfolk sirens
  A water nymph (Shoals:1)
  Maurice (D:12)
  7 torpor snails
  3 unseen horrors
  14 cane toads
  An orange demon (Orc:2)
  A rime drake (shapeshifter) (D:15)
  2 nameless horrors
  5 yaktaurs
  Psyche (D:11)
  A yaktaur (shapeshifter) (Elf:3)
  Maggie (D:6)
  2 demonic crawlers (Spider:3)
  A freezing wraith (D:11)
  3 kobold demonologists
  2 ice devils (Orc:2)
  2 rime drakes (Lair:3)
  A tengu conjurer (D:13)
  14 komodo dragons
  A meliai (D:11)
  A polar bear (Lair:3)
  19 merfolk
  6 trolls
  A hornet (shapeshifter) (D:14)
  10 hornets
  A troll (shapeshifter) (Elf:2)
  3 tyrant leeches (Lair:5)
  6 tarantellas
  A raiju (Gauntlet)
  2 wind drakes
  4 dream sheep (Lair:2)
  4 meliai zombies (D:12)
  18 blink frogs
  5 slime creatures (D:12)
  6 shadows
  A centaur simulacrum (D:14)
  10 jumping spiders
  10 snapping turtles
  4 vampires
  4 air elementals
  7 culicivoras
  A spriggan (shapeshifter) (D:11)
  3 wyverns
  33 yaks
  11 wraiths
  6 basilisks
  8 water elementals
  4 fire bats (Gauntlet)
  A neqoxec (Orc:2)
  4 fire elementals
  10 vampire mosquitoes
  A death yak simulacrum (IceCv)
  2 steam dragons
  23 redbacks
  4 wargs
  8 acid dragons
  Duvessa (D:6)
  3 hell hounds
  8 water moccasins
  2 ice beasts
  2 black bears
  2 sky beasts (D:7)
  38 orc warriors
  11 ogres
  11 wolves
  2 boggarts
  18 centaurs
  4 kobold brigands
  20 bullfrogs
  2 gnoll sergeants
  A cane toad simulacrum (IceCv)
  4 necrophages
  4 earth elementals
  2 scorpions
  15 killer bees
  Dowan (D:6)
  3 electric eels
  2 howler monkeys
  7 vampire bats (Bailey)
  3 wolf zombies (Bailey)
  3 jellies
  6 hounds
  20 orc priests
  4 iguanas
  3 boggart zombies (D:12)
  19 orc wizards
  A polar bear simulacrum (IceCv)
  A boggart simulacrum (D:15)
  8 mummies (Ossuary)
  5 adders
  8 gnolls
  2 shadow imps
  A white imp (D:6)
  2 worms
  4 dart slugs
  75 orcs
  5 endoplasms
  6 giant cockroaches
  2 gnoll zombies (Ossuary)
  10 goblins
  5 hobgoblins
  4 jackals
  A quokka (D:1)
  7 ball pythons
  4 bats
  2 frilled lizards
  2 hobgoblin zombies (Ossuary)
  17 kobolds
  A kobold zombie (Ossuary)
  23 orc zombies
  2 rats
1056 creatures vanquished.

Vanquished Creatures (collateral kills)
  Ilsuiw (Shoals:3)
  2 deep elf annihilators (Elf:3)
  A sea snake (Shoals:4)
  2 merfolk sirens (Shoals:3)
  A merfolk (Shoals:4)
  2 snapping turtles
9 creatures vanquished.

Vanquished Creatures (others)
  Zenata (Elf:3)
  A deep elf high priest (Elf:3)
  A deep elf knight (Elf:3)
  3 deep elf zephyrmancers (Elf:3)
  4 deep elf pyromancers (Elf:3)
  An electric eel (Elf:3)
  An orc priest (Orc:2)
  An orc wizard (Orc:2)
  A bush (Lair:5)
  25 fungi
  53 plants
  3 starspawn tentacles (Elf:3)
  A withered plant (D:12)
96 creatures vanquished.

Grand Total: 1161 creatures vanquished

Notes
Turn   | Place    | Note
-------+----------+-------------------------------------------
     0 | Abyss:1  | Zeldest the Tengu Abyssal Knight began the quest for the
                  | Orb.
     0 | Abyss:1  | Reached XP level 1. HP: 14/14 MP: 3/3
    38 | Abyss:1  | Noticed a raiju
    40 | D:1      | Escaped the Abyss
    55 | D:1      | Found Imudy's Weapon Shop.
   372 | D:1      | Reached XP level 2. HP: 19/19 MP: 4/4
   840 | D:1      | Found Deuxzaqi's Weapon Emporium.
   869 | D:1      | Found a faded altar of an unknown god.
  1164 | D:2      | Reached XP level 3. HP: 16/23 MP: 5/5
  2031 | D:3      | Reached XP level 4. HP: 28/28 MP: 6/6
  2295 | D:3      | Reached *** piety under Lugonu
  2356 | D:3      | Noticed a necrophage
  2370 | D:3      | Killed a necrophage
  2371 | D:3      | Reached skill level 1 in Shields
  2371 | D:3      | Gained mutation: Your magical nature lets you fly swiftly
                  | and evasively. [Tengu growth]
  2371 | D:3      | Reached XP level 5. HP: 21/33 MP: 7/7
  3303 | D:4      | Found Feroar's Jewellery Emporium.
  3702 | D:4      | Reached XP level 6. HP: 31/38 MP: 9/9
  4254 | D:5      | Entered Level 5 of the Dungeon
  4643 | D:5      | Found a staircase to the Ecumenical Temple.
  4644 | D:5      | Noticed Blork the orc
  5342 | D:5      | Banished Blork the orc
  5518 | D:6      | Noticed Maggie
  5520 | D:6      | Gained mutation: You are robust. (+10% HP) [potion of
                  | mutation]
  5520 | D:6      | Gained mutation: You occasionally lose the ability to drink
                  | potions when taking damage. [potion of mutation]
  5520 | D:6      | Gained mutation: Your natural rate of healing is unusually
                  | fast. [potion of mutation]
  5530 | D:6      | Reached XP level 7. HP: 43/48 MP: 10/10
  5545 | D:6      | Found a basalt altar of Yredelemnul.
  5547 | D:6      | Noticed Dowan
  5582 | D:6      | HP: 2/48 [shadow imp/nerve-wracking pain (6)]
  5658 | D:6      | Found a sand-covered staircase.
  5681 | Ossuary  | Entered an ossuary
  5760 | Ossuary  | Reached skill level 5 in Fighting
  5814 | Ossuary  | Reached skill level 5 in Short Blades
  6097 | D:6      | Noticed Duvessa
  6139 | D:5      | Reached XP level 8. HP: 53/53 MP: 12/12
  6155 | D:6      | Killed Duvessa
  6293 | D:6      | Killed Dowan
  6516 | D:6      | Found a runed translucent gate.
  6516 | D:6      | Found a runed translucent gate.
  6516 | D:6      | Found a runed translucent gate.
  6519 | D:6      | Noticed Aneyh's ghost (novice VSTm)
  6618 | D:6      | Killed Maggie
  6619 | D:6      | Reached skill level 5 in Invocations
  6694 | D:6      | Found a sparkling altar of Nemelex Xobeh.
  6917 | D:7      | Found a runed translucent gate.
  6917 | D:7      | Found a runed translucent gate.
  6918 | D:7      | Found a runed translucent gate.
  6973 | D:7      | Reached skill level 5 in Shields
  6973 | D:7      | Reached XP level 9. HP: 61/61 MP: 13/13
  6981 | D:7      | Found a flagged portal.
  6996 | Bailey   | Entered a bailey
  7107 | Bailey   | Reached **** piety under Lugonu
  7261 | Bailey   | Noticed a gargoyle
  7263 | Bailey   | Banished a gargoyle
  7569 | D:7      | Found a runed translucent door.
  7570 | D:7      | Noticed Crazy Yiuf
  7744 | D:7      | Noticed Pikel
  7756 | D:7      | Killed Pikel
  7757 | D:7      | Reached XP level 10. HP: 68/70 MP: 15/15
  7830 | D:7      | Found a shimmering blue altar of Sif Muna.
  8106 | D:7      | Found a radiant altar of Vehumet.
  8154 | D:7      | Noticed ytrimaz's ghost (novice DsTm)
  8209 | D:8      | You are sucked into a shaft and drop 3 floors!
  8238 | D:11     | Noticed a two-headed ogre
  8291 | D:11     | Noticed Psyche
  8324 | D:11     | Killed a two-headed ogre
  8330 | D:11     | Killed Psyche
  8450 | D:11     | Found Kosh's Antique Weapon Shop.
  8492 | D:11     | Killed an unseen horror
  8566 | D:10     | Entered Level 10 of the Dungeon
  8760 | D:9      | Noticed a red ugly thing
  8778 | D:10     | Noticed Josephine
  8790 | D:10     | Killed Josephine
  8877 | D:10     | Found a glowing golden altar of the Shining One.
  8918 | D:10     | Reached XP level 11. HP: 39/75 MP: 17/17
  9085 | D:9      | Paralysed by a hornet for 2 turns
  9439 | D:9      | Found a staircase to the Orcish Mines.
  9503 | D:9      | Found a shadowy altar of Dithmenos.
  9555 | D:9      | Found a staircase to the Lair.
 10037 | D:8      | Reached ***** piety under Lugonu
 10135 | D:8      | Paralysed by a hornet for 2 turns
 10447 | D:8      | Found Dolia's Magic Scroll Shop.
 10466 | D:8      | Reached skill level 10 in Short Blades
 10511 | D:8      | Found a sacrificial altar of Ru.
 10511 | D:8      | Found a hazy altar of Hepliaklqana.
 10537 | D:8      | Found a bloodstained altar of Trog.
 10773 | D:10     | Found a stormy altar of Qazlal.
 10880 | D:10     | Found an ornate altar of the Wu Jian Council.
 11018 | D:10     | Noticed a sixfirhy
 11517 | Lair:1   | Entered Level 1 of the Lair of Beasts
 11572 | Lair:1   | Identified the amulet "Aqauraro" {Faith Dex+3}
 11628 | Lair:1   | Reached skill level 10 in Fighting
 11833 | Lair:1   | Reached XP level 12. HP: 84/84 MP: 19/19
 11869 | Lair:1   | Noticed a catoblepas
 11870 | Lair:1   | Noticed a seven-headed hydra
 11875 | Lair:1   | Banished a seven-headed hydra
 11894 | Lair:1   | Killed a catoblepas
 12009 | Lair:1   | Reached skill level 10 in Shields
 12042 | Lair:1   | Noticed a four-headed hydra
 12046 | Lair:1   | Banished a four-headed hydra
 12409 | Lair:2   | You are sucked into a shaft and drop 1 floor!
 12422 | Lair:2   | Found a hazy altar of Hepliaklqana.
 12554 | Lair:2   | Reached skill level 10 in Invocations
 12663 | Lair:2   | Noticed a five-headed hydra
 12672 | Lair:2   | Killed a five-headed hydra
 13355 | Lair:3   | Reached XP level 13. HP: 76/93 MP: 21/21
 13591 | Lair:3   | Found a hole to the Spider Nest.
 13752 | Lair:3   | Found a staircase to the Shoals.
 13950 | Lair:3   | Reached ****** piety under Lugonu
 14474 | Lair:4   | Found a transporter.
 14489 | Lair:4   | Noticed Aluic's ghost (adept MiBe)
 14555 | Lair:4   | Found a bloodstained altar of Trog.
 14566 | Lair:4   | Found a transporter.
 14861 | Lair:5   | Entered Level 5 of the Lair of Beasts
 15009 | Lair:5   | Found a gate leading to a gauntlet.
 15019 | Gauntlet | Entered a Gauntlet
 15019 | Gauntlet | Found a transporter.
 15019 | Gauntlet | Found a transporter.
 15019 | Gauntlet | Found a transporter.
 15019 | Gauntlet | Found a runed translucent gate.
 15029 | Gauntlet | Found a runed translucent gate.
 15030 | Gauntlet | Found a runed translucent gate.
 15039 | Gauntlet | Found a transporter.
 15042 | Gauntlet | Found a transporter.
 15049 | Gauntlet | Found a runed translucent door.
 15052 | Gauntlet | Found a transporter.
 15053 | Gauntlet | Found a transporter.
 15057 | Gauntlet | Found a runed translucent door.
 15060 | Gauntlet | Found a runed translucent door.
 15061 | Gauntlet | Found a transporter.
 15081 | Gauntlet | Found a transporter.
 15100 | Gauntlet | Found a transporter.
 15102 | Gauntlet | Found a transporter.
 15112 | Gauntlet | Found a transporter.
 15228 | Gauntlet | Identified the ring of Issoon {rElec MP+9}
 15346 | Gauntlet | Noticed a minotaur
 15347 | Gauntlet | Banished a minotaur
 15352 | Gauntlet | Identified the ring "Tutiuc" {rElec Str+3 Int+6}
 15646 | Lair:5   | Found a viscous altar of Jiyva.
 15646 | Lair:5   | Found a staircase to the Slime Pits.
 15732 | Lair:5   | Reached XP level 14. HP: 103/103 MP: 15/23
 15814 | Lair:5   | Reached skill level 5 in Dodging
 16901 | Lair:5   | Found a runed translucent door.
 17274 | Lair:5   | Paralysed by a hornet for 1 turns
 17460 | D:11     | Noticed Sonja
 17460 | D:11     | Noticed Lodul
 17606 | D:11     | Noticed a storm dragon
 17609 | D:11     | Banished a storm dragon
 17683 | D:11     | Killed Lodul
 17763 | D:11     | Killed Sonja
 18083 | D:11     | Identified the +3 leather armour "Henaxzir" {rElec Will-
                  | Regen+}
 18258 | D:11     | Reached XP level 15. HP: 70/110 MP: 25/25
 18591 | D:12     | Found a frozen archway.
 18593 | D:12     | Noticed Urug
 18594 | D:12     | Banished Urug
 18600 | IceCv    | Entered an ice cave
 18726 | IceCv    | Found a transporter.
 18736 | IceCv    | Found a transporter.
 19172 | D:12     | Noticed Maurice
 19175 | D:12     | Killed Maurice
 20603 | D:13     | Noticed Erolcha
 20609 | D:13     | Killed Erolcha
 21077 | D:14     | Noticed Snorg
 21086 | D:14     | Killed Snorg
 21696 | D:15     | Entered Level 15 of the Dungeon
 22159 | D:15     | Reached XP level 16. HP: 117/117 MP: 27/27
 22254 | D:15     | Noticed Jorgrun
 22270 | D:15     | Killed Jorgrun
 22343 | D:15     | Found Syaqohu's Antique Armour Boutique.
 22373 | D:15     | Bought a runed scarf for 208 gold pieces
 22417 | D:15     | Reached skill level 15 in Fighting
 22490 | D:15     | Found a staircase to the Depths.
 22845 | Orc:1    | Entered Level 1 of the Orcish Mines
 22872 | Orc:1    | Reached skill level 10 in Dodging
 23073 | Orc:2    | Entered Level 2 of the Orcish Mines
 23078 | Orc:2    | Found a staircase to the Elven Halls.
 23250 | Orc:1    | Found Pewoph's Weapon Boutique.
 23943 | Orc:2    | Found Feroar's Distillery.
 24008 | Orc:2    | Found Muiptib's General Store.
 25041 | Orc:2    | Found Liqozyte's Antique Armour Boutique.
 25041 | Orc:2    | Found Wiomaonk's Jewellery Shop.
 25042 | Orc:2    | Found a one-way gate leading to the halls of Pandemonium.
 25235 | Orc:2    | Found a shimmering blue altar of Sif Muna.
 25491 | D:4      | Bought a ring of protection from cold for 250 gold pieces
 25625 | Elf:1    | Entered Level 1 of the Elven Halls
 25645 | Orc:2    | Reached skill level 15 in Shields
 25680 | Elf:1    | Paralysed by an orc sorcerer for 5 turns
 25731 | Elf:1    | Lost mutation: You are robust. (+10% HP) [potion of
                  | mutation]
 25731 | Elf:1    | Lost mutation: You occasionally lose the ability to drink
                  | potions when taking damage. [potion of mutation]
 25731 | Elf:1    | Gained mutation: Your mind is acute. (Int +4, Str/Dex -1)
                  | [potion of mutation]
 25731 | Elf:1    | Gained mutation: You are clumsy. (Dex -2) [potion of
                  | mutation]
 25731 | Elf:1    | Gained mutation: You have hidden genetic defects. [potion
                  | of mutation]
 25732 | Elf:1    | Lost mutation: You have hidden genetic defects. [potion of
                  | mutation]
 25732 | Elf:1    | Lost mutation: You are clumsy. (Dex -2) [potion of
                  | mutation]
 25732 | Elf:1    | Gained mutation: You are partially covered in iridescent
                  | scales. (AC +2) [potion of mutation]
 25732 | Elf:1    | Gained mutation: You possess an exceptional clarity of
                  | mind. [potion of mutation]
 27052 | Elf:1    | Reached XP level 17. HP: 77/114 MP: 28/28
 28501 | Elf:2    | Paralysed by an air elemental for 1 turns
 28505 | Elf:1    | Paralysed by an air elemental for 1 turns
 28545 | Elf:2    | Paralysed by an air elemental for 1 turns
 28553 | Elf:1    | Paralysed by an air elemental for 1 turns
 28803 | Elf:2    | Paralysed by an air elemental for 1 turns
 28809 | Elf:2    | Paralysed by an air elemental for 1 turns
 28837 | Elf:2    | Found a runed translucent gate.
 28837 | Elf:2    | Found a runed translucent gate.
 28837 | Elf:2    | Found a runed translucent gate.
 28919 | Elf:2    | Found a shimmering blue altar of Sif Muna.
 30205 | Elf:2    | Reached skill level 1 in Summonings
 30701 | Elf:2    | Reached skill level 15 in Invocations
 31139 | Elf:3    | Entered Level 3 of the Elven Halls
 31139 | Elf:3    | Noticed Zenata
 31370 | Spider:1 | Entered Level 1 of the Spider Nest
 31370 | Spider:1 | Noticed Rupert
 31371 | Spider:1 | Banished Rupert
 31374 | Spider:1 | Noticed Donald
 31382 | Spider:1 | Banished Donald
 31383 | Spider:1 | Reached skill level 5 in Summonings
 31631 | Spider:1 | Identified the +10 plate armour of Egalitarianism {Dex+4}
 31740 | Spider:1 | Reached XP level 18. HP: 122/122 MP: 30/30
 31747 | Spider:1 | Noticed Asterion
 31755 | Spider:1 | Banished Asterion
 32038 | Spider:2 | Noticed Azrael
 32040 | Spider:2 | Banished Azrael
 32950 | Spider:2 | Noticed Agnes
 32973 | Spider:2 | Banished Agnes
 33422 | Spider:3 | Identified a scroll of acquirement
 33435 | Spider:3 | Acquired the +7 short sword "Ogreslayer" {drain, Fly Int-3
                  | Dex+7 Stlth-}
 33511 | Spider:3 | Reached skill level 10 in Summonings
 34030 | Shoals:1 | Entered Level 1 of the Shoals
 34277 | Shoals:1 | Reached skill level 1 in Hexes
 35309 | Shoals:2 | Noticed Nikola
 35331 | Shoals:2 | Killed Nikola
 35341 | Shoals:2 | Learned a level 6 spell: Summon Cactus Giant
 35447 | Shoals:2 | Noticed Polyphemus
 35582 | Shoals:2 | Banished Polyphemus
 36231 | Shoals:3 | Found Woasinet's General Store.
 36266 | Shoals:3 | Learned a level 5 spell: Summon Mana Viper
 36476 | Shoals:2 | Reached skill level 15 in Summonings
 36672 | Shoals:3 | Noticed Ilsuiw
 36709 | Shoals:3 | Killed Ilsuiw
 37088 | Shoals:4 | Entered Level 4 of the Shoals
 37088 | Shoals:4 | Noticed Bai Suzhen
 37091 | Shoals:4 | Banished Bai Suzhen
 37231 | Shoals:4 | Reached XP level 19. HP: 111/127 MP: 16/31
 37417 | Shoals:4 | Identified the amulet of Okawaru's Supremacy {Spirit rN+
                  | Regen+ Dex+3}
 37473 | Shoals:4 | Noticed Roxanne
 37504 | Shoals:4 | Reached skill level 5 in Hexes
 37743 | Shoals:4 | Identified the +5 flail of the Hundredfold People {elec,
                  | rF+ rC++ Str+4}
 37919 | Shoals:4 | Identified the +8 whip of Courage {drain, Dex+2}
 38473 | Shoals:4 | Got a barnacled rune of Zot
 38855 | Abyss:3  | Cast into level 3 of the Abyss (a deep elf sorcerer)
 38856 | Elf:2    | Escaped the Abyss
 38996 | Elf:3    | Paralysed by an air elemental for 1 turns
 39672 | Elf:3    | Corrupted Elf:3
 39682 | Elf:3    | Killed Zenata
 40371 | Elf:3    | Noticed a Hell Sentinel
 40883 | Elf:3    | Identified the +11 whip of Makhleb's Whim {vorpal, rN+
                  | Int-3 Dex+4}
 40883 | Elf:3    | Identified the ring of the Sun {Will+ rCorr Str+3 Int-5}
 40915 | Elf:3    | Noticed a Tzitzimitl
 40922 | Elf:3    | Shot with an arrow by a deep elf master archer

Illustrated notes

Levels and vault maps discovered:
D:1:      lightli_arrival_flooded_house, layout_basic,
          shapermc_ecumenical_altar_venn, serial_shops, nicolae_shop_trees,
          nicolae_shop_bloodbath_and_beyond
D:2:      layout_basic, serial_glass, glass_columns_a, glass_columns_c,
          grunt_decor_junction, minmay_worlds_worst_comb
D:3:      layout_basic, nicolae_elevator_lobby_asterisk
D:4:      minmay_general_purpose_star, layout_basic, serial_shops,
          nicolae_shop_hallway_stairs, hex_large
D:5:      layout_basic, minmay_temple_entry_stoned_glass, uniq_blork_the_orc
D:6:      layout_basic, mainiacjoe_overflow_catwalk, nemelex_spade_bored_becter,
          biasface_ghost_orc_armoury, nicolae_ossuary_entry_ruins,
          chequers_serial_rivers_micro_d, uniq_maggie, uniq_duvessa
D:7:      hellmonk_crumbling_castle, layout_loops_cross, minitemple,
          gammafunk_ghost_necromancy, enter_bailey_3, uniq_crazy_yiuf_cottage,
          uniq_pikel
D:8:      layout_cave_pools, overflow_temple_1_default,
          gammafunk_temple_overflow_statue, serial_shops, shop,
          minmay_misc_feat_tower
D:9:      cheibrodos_elevator_heist, layout_loops_ring,
          nicolae_dithmenos_shadow_blocks, dpeg_oklobed_lair, orc_0_dummy
D:10:     layout_loops_corners, tso_metal_star,
          nicolae_wu_jian_immortal_techniques, mainiacjoe_overflow_brackets,
          uniq_josephine
D:11:     minmay_chopped_fan, layout_stronghold, serial_shops,
          kennysheep_little_box, uniq_psyche, uniq_sonja, uniq_lodul
D:12:     layout_loops_ring, serial_undead, serial_undead_c, serial_undead_a,
          serial_undead_d, serial_undead_b, serial_undead_d, serial_undead_c,
          serial_undead_e, portal_ice_cave_entry_pillars_2, uniq_maurice,
          uniq_urug
D:13:     layout_roguey, grunt_vaults_entry_fortified, uniq_erolcha
D:14:     layout_basic, uniq_snorg
D:15:     grunt_enter_depths_snipers, layout_rooms,
          roderic_lattice_octagonal_star, serial_shops, shop, uniq_jorgrun
Lair:1:   layout_cave_shapes, st_stairs_4
Lair:2:   layout_loops_ring, basic_altar, grunt_megastairs_5
Lair:3:   wander_river, layout_big_grid, minmay_shoals_entry_lonely_mermaid,
          nicolae_spider_entry_tight_spaces, nicolae_lair_grove_arrangements,
          infiniplex_staircase_pool_2
Lair:4:   layout_roguey, gammafunk_ghost_wrathful_warriors, lemuel_fruit_tree
Lair:5:   wormcave, layout_regular_city, guppyfry_lair_end_dragon,
          slime_entry_1, gauntlet_entry_generic
Shoals:1: layout_shoals
Shoals:2: layout_shoals, uniq_polyphemus, uniq_nikola
Shoals:3: layout_shoals, serial_shops, nicolae_shop_advertising_works
          [nicolae_subvault_shop_adworks], nicolae_shoals_isolated_beach,
          uniq_ilsuiw
Shoals:4: shoals_end_simple, layout_shoals, uniq_bai_suzhen, uniq_roxanne
Spider:1: layout_cave_pods, uniq_rupert, uniq_asterion, uniq_donald
Spider:2: layout_chambers, uniq_azrael, uniq_agnes
Spider:3: layout_chambers, spiders_nest_the_unseen
Orc:1:    layout_caves, serial_shops, nicolae_shop_behind_doors
Orc:2:    pf_orc_diabolical, layout_caves, kennysheep_orc_sif_temple
Elf:1:    nicolae_elf_arrival_no_cutting_in_line, layout_onion_city,
          minivault_28
Elf:2:    elven_hall_of_blades_hangedman_original
          [infiniplex_blade_entry_pillars], layout_onion_city,
          hangedman_summoners_spam
Elf:3:    minmay_elf_hall_four_x, layout_geoelf_castle, dk_noncrumbling_4,
          kennysheep_underground_church, uniq_zenata

Skill      XL: |  1  2  3  4  5  6  7  8  9 10 11 12 13 14 15 16 17 18 19 |
---------------+----------------------------------------------------------+-----
Invocations    | 2 3 4 5 6 7 9 10 11 12 13 14 15 | 15.6
Dodging        | 2 4 7 9 11 12 13 | 13.0
Short Blades   | 3 4 5 6 8 9 10 11 12 14 | 14.0
Shields        | 1 2 3 5 6 7 9 11 12 13 14 15 | 15.0
Fighting       | 4 5 6 7 8 10 11 13 14 15 16 | 16.7
Summonings     | 5 16 | 16.5
Hexes          | 4 7 |  7.7
Armour         | |  2.1

Action                   |  1- 3 |  4- 6 |  7- 9 | 10-12 | 13-15 | 16-18 | 19-21 || total
-------------------------+-------+-------+-------+-------+-------+-------+-------++-------
Melee: Short sword       |    91 |   118 |   121 |       |       |   348 |   446 ||  1124
       Kick              |    23 |    41 |    88 |   256 |   807 |   911 |   248 ||  2374
       Peck              |    10 |    19 |    49 |   162 |   456 |   578 |   146 ||  1420
       Punch             |     1 |       |       |       |       |       |       ||     1
       Dagger            |       |       |    33 |   562 |  1081 |       |       ||  1676
       Long sword        |       |       |    83 |   105 |       |       |       ||   188
       Rapier            |       |       |       |       |   427 |  1627 |       ||  2054
 Cast: Summon Cactus Gia |       |       |       |       |       |     5 |     6 ||    11
       Summon Mana Viper |       |       |       |       |       |     2 |     7 ||     9
Invok: Depart the Abyss  |     1 |       |       |       |       |       |     1 ||     2
       Banish            |       |     3 |     3 |     4 |    17 |    17 |     5 ||    49
       Bend Space        |       |       |       |       |     2 |     4 |     4 ||    10
       Corrupt           |       |       |       |       |       |       |     1 ||     1
Evoke: Wand              |       |       |     7 |     1 |     9 |    15 |     3 ||    35
       Phantom mirror    |       |       |       |       |       |     2 |     1 ||     3
       Phial of floods   |       |       |       |       |       |     1 |     1 ||     2
       Box of beasts     |       |       |       |       |       |     1 |       ||     1
  Use: Potion            |       |     2 |     1 |     4 |     2 |    16 |     4 ||    29
       Scroll            |       |     1 |     9 |     9 |    13 |    11 |     5 ||    48
 Stab: Sleeping          |     1 |     1 |       |     1 |     6 |     1 |       ||    10
       Invisible         |       |       |       |     1 |       |     3 |       ||     4
       Distracted        |       |       |       |       |       |     4 |     1 ||     5
Armor: Leather armour    |    20 |    23 |    17 |       |       |       |       ||    60
       Acid dragon scale |       |       |    39 |    83 |   103 |       |       ||   225
       Skin              |       |       |       |    75 |       |       |       ||    75
       Troll leather arm |       |       |       |       |    36 |   191 |    18 ||   245
       Robe              |       |       |       |       |       |       |     7 ||     7
Dodge: Dodged            |    48 |    28 |    86 |   150 |   427 |   794 |   219 ||  1752
Block: Tower shield      |       |    65 |   191 |   493 |  1160 |  1738 |   450 ||  4097

Table legend: (Time is in decaauts)
 A = Elapsed time spent in this place.
 B = Non-inter-level travel time spent in this place.
 C = Inter-level travel time spent in this place.
 D = Time resting spent in this place.
 E = Time spent auto-exploring this place.
 F = Levels seen in this place.
 G = Mean time per level.
                   A        B        C        D        E       F      G
               +--------+--------+--------+--------+--------+-----+--------+
         Total |  37858 |  35193 |   2665 |   6934 |  14189 |  38 |  996.3 |
       Dungeon |  15373 |  14188 |   1185 |   2872 |   7094 |  15 | 1024.9 |
          Lair |   5302 |   4863 |    439 |    669 |   2294 |   5 | 1060.4 |
        Shoals |   3878 |   3779 |     99 |    640 |   1179 |   4 |  969.5 |
   Spider Nest |   2346 |   2184 |    162 |    416 |    965 |   3 |  782.0 |
  Orcish Mines |   2798 |   2514 |    284 |    706 |    834 |   2 | 1399.0 |
   Elven Halls |   6898 |   6404 |    494 |   1393 |   1502 |   3 | 2299.3 |
         Abyss |     40 |     40 |      0 |      0 |     38 |   2 |   20.0 |
       Ossuary |    289 |    289 |      0 |     37 |     98 |   1 |  289.0 |
        Bailey |    420 |    420 |      0 |     46 |     68 |   1 |  420.0 |
      Ice Cave |    149 |    149 |      0 |     45 |      0 |   1 |  149.0 |
      Gauntlet |    361 |    361 |      0 |    107 |    115 |   1 |  361.0 |
               +--------+--------+--------+--------+--------+-----+--------+

Top non-repeatable levels by time:
   Elf:1: 2995 daAuts
   Orc:2: 2408 daAuts
   Elf:2: 2293 daAuts
  Lair:5: 1744 daAuts
   Elf:3: 1610 daAuts
     D:3: 1412 daAuts
Spider:2: 1378 daAuts
    D:11: 1326 daAuts
    D:10: 1229 daAuts
Shoals:4: 1197 daAuts
  Lair:3: 1141 daAuts
     D:4: 1129 daAuts
     D:6: 1111 daAuts
     D:9: 1106 daAuts
    D:12: 1039 daAuts
